 Dungeon Crawl Stone Soup version 0.31.0-12-g77e489cdc1 (webtiles) character file.

Game seed: 13160307815416257770

56 Gadfly the Trooper (level 3, -1/40 HPs)
             Began as an Oni Berserker on Feb 24, 2024.
             Was a Believer of Trog.
             Slain by Terence
             ... wielding a +0 mace
              (9 damage)
             ... on level 2 of the Dungeon.
             The game lasted 00:01:21 (1402 turns).

Gadfly the Trooper (Oni Berserker)                  Turns: 1402, Time: 00:01:22

Health: -1/40      AC:  3    Str: 27    XL:     3   Next: 95%
Magic:  3/3        EV: 10    Int:  8    God:    Trog [**....]
Gold:   92         SH:  0    Dex: 10    Spells: 2/2 levels left

rFire   . . .        a - +0 mace
rCold   . . .        (no shield)
rNeg    . . .        b - +0 animal skin
rPois   +            (helmet restricted)
rElec   .            (no cloak)
rCorr   .            (gloves unavailable)
SInv    .            (boots unavailable)
Will    .....        (no amulet)
Stlth   +            d - +6 ring of strength
HPRegen 0.26/turn    f - ring of poison resistance
MPRegen 0.08/turn

%: no passive effects
@: no status effects
A: large, unfitting armour, horns 1, tough skin 1, double potion healing,
drunken brawling
a: Renounce Religion, Berserk, Trog's Hand


You were on level 2 of the Dungeon.
You worshipped Trog.
Trog was pleased with you.
You visited 1 branch of the dungeon, and saw 2 of its levels.

You collected 92 gold pieces.

Inventory:

Hand Weapons
 a - a +0 mace (weapon)
Armour
 b - a +0 animal skin (worn)
Jewellery
 d - a +6 ring of strength (left hand)
 f - a ring of poison resistance (right hand)
Scrolls
 h - 2 scrolls of identify
Potions
 c - 2 potions of lignification
 e - 2 potions of resistance
 g - a potion of berserk rage {unknown}


   Skills:
 + Level 4.4 Fighting
 * Level 3.5 Maces & Flails
 * Level 1.4 Armour
 - Level 2.6 Dodging
 * Level 1.3 Evocations


You had 2 spell levels left.
You didn't know any spells.
Your spell library was empty.

Dungeon Overview and Level Annotations

Branches:
Dungeon (2/15)

Altars:

Annotations:
D:2 1 runed translucent door, Crazy Yiuf, Terence


Innate Abilities, Weirdness & Mutations

You are too large for most types of armour.
You have a pair of small horns on your head.
You have tough skin. (AC +1)
You gain doubled healing and magic from potions.
Whenever you drink a healing potion, you attack all around you.


Message History

Terence misses you. The rat bites you.
You hit Terence but do no damage.
Terence is lightly wounded.
The frilled lizard completely misses you.
Terence hits you with a +0 mace. The rat bites you but does no damage.
You hit Terence but do no damage.
Terence is lightly wounded.
The frilled lizard misses you. The rat bites you. Terence barely misses you.
The rat misses you.
The frilled lizard bites you but does no damage.
Terence hits you with a +0 mace.
You hit Terence. You headbutt Terence.
Terence is moderately wounded.
The frilled lizard bites you but does no damage.
Terence hits you with a +0 mace. The rat bites you.
You are too injured to fight recklessly!
You are too injured to fight recklessly!
You are too injured to fight recklessly!
You are too injured to fight recklessly!
You are too injured to fight recklessly!
You are too injured to fight recklessly!
You are too injured to fight recklessly!
Unknown command.
Terence shouts, "Now you die!" The rat attacks as it pursues you!
The rat barely misses you.
Terence shouts, "Get ready for death!"
The rat attacks as it pursues you! The rat closely misses you.
There is an open door here.
Terence attacks as he pursues you! Terence hits you with a +0 mace.
* * * LOW HITPOINT WARNING * * *
Terence says, "You're history."
Terence attacks as he pursues you! Terence closely misses you.
Terence barely misses you. Terence attacks as he pursues you!
Terence hits you with a +0 mace.
* * * LOW HITPOINT WARNING * * *
The frilled lizard bites you but does no damage.
There is an open door here.
Terence attacks as he pursues you! Terence hits you with a +0 mace!
You die...
Terence says, "Time to find some more victims."

.....##### #.......##########..
.....'.# #...........# #..
.....#.# ####........# #..
.....#.# ##.......# #.. ....##.#
#.......# #.. #...##.#
###'##########.. #...##+########
#.......#.......
#.............####lr.....#.######
##............'.@@.......#...#...
#............####.......###.#.##
#............####.......###.#.##
#..............................#
#.............#############.####
##.............### #.....
.............^...# #############
....#.....######.####......#
....#.#####...##...##......######


You could see Terence, a frilled lizard and a rat.

Vanquished Creatures
  Robin (D:2)
  A dart slug (D:1)
  6 ball pythons
  10 bats
  2 endoplasms
  A giant cockroach (D:1)
  9 goblins
  4 hobgoblins
  2 kobolds (D:2)
  2 quokkas
  A frilled lizard (D:1)
  2 rats (D:1)
41 creatures vanquished.

Notes
Turn   | Place    | Note
-------+----------+-------------------------------------------
     0 | D:1      | Gadfly the Oni Berserker began the quest for the Orb.
     0 | D:1      | Reached XP level 1. HP: 24/24 MP: 1/1
   106 | D:1      | Reached XP level 2. HP: 30/32 MP: 2/2
   702 | D:2      | Reached skill level 1 in Armour
   702 | D:2      | Reached skill level 1 in Evocations
   720 | D:2      | Reached XP level 3. HP: 39/39 MP: 3/3
   795 | D:2      | Found a runed translucent door.
   796 | D:2      | Noticed Crazy Yiuf
   831 | D:2      | Reached ** piety under Trog
   958 | D:2      | Noticed Robin
   978 | D:2      | Killed Robin
   985 | D:2      | HP: 3/60 [goblin/+0 dagger[Robin] (1)]
  1381 | D:2      | Noticed Terence
  1402 | D:2      | Slain by Terence

Illustrated notes

Levels and vault maps discovered:
D:1:      nzn_arrival_crosshair, layout_basic, nicolae_twisty_statue_hallways
D:2:      layout_basic, basic_altar, uniq_robin, uniq_crazy_yiuf_cottage,
          uniq_terence

Skill      XL: |  1  2 |
---------------+-------+-----
Armour         | 1 |  1.4
Evocations     | 1 |  1.3
Fighting       | |  4.4
Maces & Flails | |  3.5
Dodging        | |  2.6

Action                     || total
---------------------------++-------
  Melee: Mace              ||    91
         Headbutt          ||    12
 Invoke: Berserk           ||     1
    Use: Scroll            ||     2
         Potion            ||     1
 Armour: Animal skin       ||    96
  Dodge: Dodged            ||    84
